 Dungeon Crawl Stone Soup version 0.27.1-3-gb3d3a73c9e (webtiles) character file.

Game seed: 6816968047840558192

101 hypoxyphilia the Magician (level 5, -3/35 HPs)
             Began as a Djinni Ice Elementalist on Oct 21, 2021.
             Slain by a wight (7 damage)
             ... on level 2 of the Dungeon.
             The game lasted 00:26:28 (3979 turns).

hypoxyphilia the Magician (Djinni Ice Elementalist) Turns: 3979, Time: 00:26:28

Health: -3/35      AC:  6    Str:  7    XL:     5   Next: 4%
Gold:   70         EV: 12    Int: 17    God:
                   SH:  0    Dex: 14

rFire    + + .     SeeInvis .   b - +0 short sword
rCold    x . .     Faith    .   (no shield)
rNeg     . . .     Spirit   .   a - +0 robe
rPois    ∞         Reflect  .   (no helmet)
rElec    .         Harm     .   (no cloak)
rCorr    .         Rampage  .   (no gloves)
Will     +....                  (boots unavailable)
Stlth    ++........             (no amulet)
HPRegen  0.11/turn              d - ring of willpower
MPRegen  0.00/turn              n - +4 ring of protection

@: flying
A: sickness immunity, fire resistance 2, cold vulnerability 1, float, innate
caster, hp casting, extra vitality 1
a: no special abilities


You were on level 2 of the Dungeon.
You visited 1 branch of the dungeon, and saw 3 of its levels.

You collected 70 gold pieces.

Inventory:

Hand Weapons
 b - a +0 short sword (weapon)
Armour
 a - a +0 robe (worn)
Jewellery
 d - a ring of willpower (left hand)
 n - a +4 ring of protection (right hand)
Scrolls
 c - a scroll of enchant weapon {unknown}
 e - 2 scrolls of teleportation {unknown}
 f - a scroll of identify {unknown}
 g - 2 scrolls of amnesia {unknown}
 j - a scroll of blinking {unknown}
 k - a scroll of magic mapping {unknown}
Potions
 h - a potion of cancellation {unknown}
 i - a potion of lignification {unknown}
 l - a potion of resistance {unknown}
 m - a potion of brilliance {unknown}
 o - a potion of degeneration {unknown}


   Skills:
 + Level 0.1 Fighting
 + Level 2.6 Dodging
 + Level 1.7 Stealth
 + Level 4.5 Spellcasting


You couldn't memorise any spells.
You knew the following spells:

 Your Spells              Type           Power      Damage    Failure   Level
a - Freeze                Ice            76%        1d9       2%          1
b - Frozen Ramparts       Ice            38%        1d5       7%          3
c - Ozocubu's Armour      Ice            19%        N/A       7%          3
d - Hailstorm             Conj/Ice       19%        3d6       24%         4
e - Corona                Hex            21%        N/A       2%          1
f - Corpse Rot            Necr/Air       N/A        N/A       3%          2
Your spell library was empty.

Dungeon Overview and Level Annotations

Branches:
Dungeon (3/15)

Altars:
Wu Jian

Annotations:
D:3 exclusion: wight


Innate Abilities, Weirdness & Mutations

You are immune to sickness and miasma.
You are immune to poison.
Your flesh is very heat resistant. (rF++)
You are vulnerable to cold. (rC-)
You float through the air rather than walking.
You learn spells naturally, not from books.
Your magical power is your life essence.
You have superior vitality. (+4 HP)


Message History

The wight is severely damaged.
The wight hits you with a +0 falchion. The wight hits you but does no damage.
You hit the wight but do no damage.
The wight is severely damaged.
The wight hits you but does no damage.
You hit the wight but do no damage.
The wight is severely damaged.
The wight barely misses you.
You closely miss the wight.
The wight is severely damaged.
The wight misses you.
You closely miss the wight.
The wight is severely damaged.
The wight hits you with a +0 falchion.
You hit the wight but do no damage.
The wight is severely damaged.
The wight closely misses you.
You barely miss the wight.
The wight is severely damaged.
The wight barely misses you.
You hit the wight but do no damage.
The wight is severely damaged.
The wight hits you with a +0 falchion.
Your icy armour will break if you move.
Continue?
Uppercase [Y]es or [N]o only, please.
Your icy armour will break if you move.
Continue?
Your icy armour cracks and falls away as you move.
The wight hits you with a +0 falchion!
* * * LOW HITPOINT WARNING * * *
The wight misses you.
There is a stone staircase leading up here.
The wight hits you with a +0 falchion.
* * * LOW HITPOINT WARNING * * *
You fly upwards.
There is a stone staircase leading down here.
Okay, then.
Okay, then.
The wight closely misses you. The wight hits you with a +0 falchion!
You die...

#.########..#..<## #...#
### #.###..## #>###
#...#...###.##
###..........#
#..........####
#..............
###..###..#.###
########..##.>...#
##..@..#..<.......###
##..z..........##.....
#................###..
#.................##.#
#.........._..........
#.>....<.........###..
#...............#...#.
#####..............#.⌠.#.
##...#......#.......#...#≈


You could see a wight.

Vanquished Creatures
  3 adders (D:3)
  A gnoll (D:2)
  2 worms (D:2)
  6 endoplasms
  5 giant cockroaches
  A hobgoblin (D:3)
  4 jackals (D:1)
  4 quokkas
  6 ball pythons
  4 bats (D:1)
  5 frilled lizards
  7 goblins
  6 kobolds
54 creatures vanquished.

Notes
Turn   | Place    | Note
-------+----------+-------------------------------------------
     0 | D:1      | hypoxyphilia the Djinni Ice Elementalist began the quest
                  | for the Orb.
     0 | D:1      | Reached XP level 1. HP: 15/15 MP: 0/0
   611 | D:1      | Reached XP level 2. HP: 18/21 MP: 0/0
  1148 | D:1      | Reached XP level 3. HP: 20/25 MP: 0/0
  1148 | D:1      | Learned a level 1 spell: Corona
  1522 | D:1      | Reached skill level 4 in Spellcasting
  1788 | D:2      | Found an ornate altar of the Wu Jian Council.
  2653 | D:2      | Reached XP level 4. HP: 22/31 MP: 0/0
  2787 | D:2      | Found a faded altar of an unknown god.
  3750 | D:3      | Reached XP level 5. HP: 32/35 MP: 0/0
  3750 | D:3      | Learned a level 2 spell: Corpse Rot
  3979 | D:2      | Slain by a wight

Illustrated notes

Levels and vault maps discovered:
D:1:      psy_arrival_heroes, layout_loops_corners, minmay_vboxes
D:2:      layout_rooms, chequers_ecumenical_altar_simple, basic_altar,
          chequers_serial_rivers_large_a, fountainhead,
          hangedman_feature_mirror, nicolae_underground_beach
D:3:      layout_basic, minmay_misc_feat_cross

Skill      XL: |  1  2  3 |
---------------+----------+-----
Spellcasting   | 4 |  4.5
Fighting       | |  0.1
Dodging        | |  2.6
Stealth        | |  1.7

Action                   |  1- 3 |  4- 6 || total
-------------------------+-------+-------++-------
Melee: Short sword       |     5 |    31 ||    36
       Unarmed           |       |    10 ||    10
 Cast: Freeze            |    60 |    30 ||    90
       Frozen Ramparts   |     2 |     2 ||     4
       Ozocubu's Armour  |     1 |     1 ||     2
Armor: Robe              |     9 |    18 ||    27
Dodge: Dodged            |    26 |    40 ||    66
